 Dungeon Crawl Stone Soup version 0.22.0-5-gf09313c (webtiles) character file.

487948 magipi the Bringer of Light (level 24, -1/152 HPs)
             Began as a Gargoyle Fire Elementalist on Aug 12, 2018.
             Was the Champion of the Shining One.
             Slain by an acid blob (19 damage)
             ... on level 6 of the Lair of Beasts on Aug 13, 2018.
             The game lasted 05:34:08 (59409 turns).

magipi the Bringer of Light (GrFE)                 Turns: 59409, Time: 05:34:09

Health: -1/152     AC: 47    Str: 22    XL:     24   Next: 99%
Magic:  30/40      EV: 18    Int: 22    God:    the Shining One [******]
Gold:   3290       SH:  0    Dex: 13    Spells: 23/39 levels left

rFire    + + .     SeeInvis +   b - +12 trident of Past Mistakes {speed, Str+4}
rCold    + . .     Gourm    .   (no shield)
rNeg     + + +     Faith    .   W - quicksilver dragon scales
rPois    ∞         Spirit   .   X - +2 helmet of Hedge Wizardry {rC+ MR+ SInv}
rElec    +         Reflect  .   N - +1 cloak
rCorr    +         Harm     .   A - +0 pair of fencer's gloves {+Riposte Dex+3}
MR       +++..                  i - +2 pair of boots {Stlth+}
Stlth    +.........             r - amulet of regeneration
HPRegen  0.75/turn              e - +5 ring of protection
MPRegen  0.27/turn              o - ring of the Ninety-Nine Lies {rCorr *Drain +Blink rF++ rN+++}

@: corroded, glowing
A: big wings, molten scales 1, deterioration 1, high mp 1, negative energy
resistance 1, electricity resistance, unbreathing, petrification resistance, rot
immunity, AC +18
}: 2/15 runes: serpentine, barnacled
a: Fly, Divine Shield, Cleansing Flame, Summon Divine Warrior, Brand Weapon With
Holy Wrath, Renounce Religion, Evoke Blink


You were on level 6 of the Lair of Beasts.
You worshipped the Shining One.
The Shining One was exalted by your worship.
You were not hungry.

You visited 10 branches of the dungeon, and saw 45 of its levels.
You also visited: Labyrinth, Trove, Sewer, Ice Cave, Volcano and Wizlab.

You collected 7048 gold pieces.
You spent 3758 gold pieces at shops.

Inventory:

Hand Weapons
 a - a +7 longbow of flaming
   (You found it on level 2 of the Orcish Mines)
 b - the +12 trident of Past Mistakes (weapon) {speed, Str+4}
   (You found it on level 11 of the Dungeon)

   Attacks with this weapon are significantly faster.
   It affects your strength (+4).
 w - the +7 longbow "Piercer" {penet, EV-2}
   (You found it on level 2 of the Vaults)

   Ammo fired by it will pass through the targets it hits, potentially hitting
   all targets in its path until it reaches maximum range.
   It affects your evasion (-2).
Missiles
 p - 1625 arrows
 F - 9 throwing nets (quivered)
Armour
 i - a +2 pair of boots of stealth (worn)
   (You found it on level 1 of the Depths)
 A - the +0 pair of fencer's gloves (worn) {+Riposte Dex+3}
   (You acquired it on level 15 of the Dungeon)

   It affects your dexterity (+3).
 N - a +1 cloak (worn)
   (You found it on level 1 of the Snake Pit)
 W - quicksilver dragon scales (worn)
   (You found it on level 3 of the Elven Halls)
 X - the +2 helmet of Hedge Wizardry (worn) {rC+ MR+ SInv}
   (You found it in a volcano)

   It protects you from cold.
   It affects your resistance to hostile enchantments.
   It lets you see invisible.
Jewellery
 e - a +5 ring of protection (left hand)
   (You found it on level 2 of the Depths)
 f - an uncursed ring of protection from fire
   (You took it off a naga on level 2 of the Snake Pit)
 o - the ring of the Ninety-Nine Lies (right hand) {rCorr *Drain +Blink rF++ rN+++}
   (You found it in an ice cave)

   [ring of resist corrosion]

   It greatly protects you from fire.
   It renders you almost immune to negative energy.
   It lets you blink.
   It causes draining when unequipped.
 r - an amulet of regeneration (around neck)
   (You found it on level 7 of the Dungeon)
Wands
 d - a wand of digging (53)
   (You bought it in a shop on level 3 of the Snake Pit)
 q - a wand of enslavement (17)
   (You took it off a big kobold on level 6 of the Dungeon)
 s - a wand of scattershot (2)
   (You found it on level 14 of the Dungeon)
 G - a wand of paralysis (35)
   (You took it off a big kobold on level 6 of the Dungeon)
 J - a wand of iceblast (28)
   (You found it on level 9 of the Dungeon)
 L - a wand of acid (24)
   (You found it on level 13 of the Dungeon)
 R - a wand of polymorph (70)
   (You found it on level 2 of the Lair of Beasts)
Scrolls
 g - 18 scrolls of remove curse
 j - 6 scrolls of identify
 m - 7 scrolls of fog
 u - 6 scrolls of magic mapping
 v - 3 scrolls of immolation
 y - 18 scrolls of teleportation
 I - 3 scrolls of blinking
 K - 5 scrolls of fear
 Y - 6 scrolls of summoning
Potions
 h - 25 potions of curing
 k - 8 potions of agility
 t - 11 potions of heal wounds
 C - 9 potions of mutation
 D - 4 potions of berserk rage
 E - 3 potions of might
 H - 8 potions of brilliance
 O - 7 potions of cancellation
 P - 14 potions of haste
 S - 6 potions of magic
 U - 3 potions of resistance
 V - 6 potions of ambrosia
Miscellaneous
 c - a phial of floods
   (You found it on level 11 of the Dungeon)
 n - a lamp of fire
   (You found it on level 4 of the Shoals)
 B - a sack of spiders
 Q - 2 phantom mirrors
 T - a fan of gales
   (You found it in an ice cave)
 Z - 3 boxes of beasts
Comestibles
 x - 70 rations


   Skills:
 - Level 16.1 Fighting
   Level 5.7 Short Blades
 - Level 8.0 Polearms
 - Level 20.0 Bows
 + Level 13.4 Armour
 + Level 12.8 Dodging
 - Level 2.1 Stealth
 - Level 8.0 Spellcasting
 - Level 10.0 Conjurations
 - Level 6.0 Hexes
 - Level 6.0 Translocations
 - Level 10.0 Fire Magic
 + Level 20.2 Invocations
 - Level 12.0 Evocations


You had 23 spell levels left.
You knew the following spells:

 Your Spells              Type           Power        Failure   Level  Hunger
a - Apportation           Tloc           #####.       1%          1    None
c - Conjure Flame         Conj/Fire      ######..     1%          3    None
f - Fireball              Conj/Fire      ######....   4%          5    #####..
p - Portal Projectile     Hex/Tloc       #####.       2%          3    None
y - Sticky Flame          Conj/Fire      ######..     1%          4    ###....

Your spell library contained the following spells:

 Spells                   Type           Power        Failure   Level  Hunger
 Cause Fear               Hex            #####.....   9%          4    ###....
 Magic Dart               Conj           ####         1%          1    None
 Lightning Bolt           Conj/Air       ####......   36%         5    #####..
 Confuse                  Hex            #####...     2%          3    None
 Invisibility             Hex            #####...     80%         6    ######.
 Throw Flame              Conj/Fire      ######       1%          2    None
 Controlled Blink         Tloc           N/A          100%        8    #######
 Freezing Cloud           Conj/Ice/Air   ###.......   99%         6    ######.
 Mephitic Cloud           Conj/Pois/Air  ###.....     8%          3    None
 Ring of Flames           Chrm/Fire      ####......   100%        7    #######
 Summon Small Mammal      Summ           #...         11%         1    None
 Iskenderun's Mystic Bla  Conj           ######..     1%          4    ###....
 Summon Horrible Things   Summ           #.........   100%        8    #######
 Animate Dead             Necr           N/A          71%         4    ###....
 Pain                     Necr           #...         11%         1    None
 Animate Skeleton         Necr           N/A          11%         1    None
 Vampiric Draining        Necr           #.........   30%         3    None
 Summon Ice Beast         Ice/Summ       #.......     71%         4    ###....
 Call Imp                 Summ           #.......     16%         2    None
 Regeneration             Chrm/Necr      #.........   30%         3    None
 Tukima's Dance           Hex            #####...     2%          3    None
 Summon Greater Demon     Summ           #.........   100%        7    #######
 Corpse Rot               Necr           N/A          16%         2    None
 Stone Arrow              Conj/Erth      ####..       4%          3    None
 Shock                    Conj/Air       ####         1%          1    None
 Recall                   Summ/Tloc      N/A          9%          3    None
 Spider Form              Tmut/Pois      #.........   30%         3    None
 Statue Form              Tmut/Erth      #........    100%        6    ######.
 Dragon Form              Tmut           #.........   100%        7    #######
 Confusing Touch          Hex            #####.       1%          1    None
 Flame Tongue             Conj/Fire      #####        1%          1    None
 Ignite Poison            Fire/Tmut/Pois ###.....     8%          3    None
 Call Canine Familiar     Summ           #.......     30%         3    None
 Ensorcelled Hibernation  Hex/Ice        ###...       4%          2    None
 Metabolic Englaciation   Hex/Ice        ###.......   63%         5    #####..
 Summon Butterflies       Summ           #.......     11%         1    None
 Dispersal                Tloc           #####.....   80%         6    ######.
 Corona                   Hex            #####..      1%          1    None
 Alistair's Intoxication  Tmut/Pois      #.......     96%         5    #####..
 Monstrous Menagerie      Summ           #.........   100%        7    #######
 Petrify                  Tmut/Erth      #.......     71%         4    ###....
 Malign Gateway           Summ/Tloc      ###.......   100%        7    #######
 Tornado                  Air            #.........   100%        9    #######
 Leda's Liquefaction      Hex/Erth       ###.......   30%         4    ###....
 Summon Hydra             Summ           #.........   100%        7    #######
 Shroud of Golubria       Chrm/Tloc      ###.......   4%          2    None
 Inner Flame              Hex/Fire       #####...     1%          3    None
 Disjunction              Tloc           #####.....   100%        8    #######
 Fulminant Prism          Conj/Hex       #####.....   3%          4    ###....
 Dazzling Spray           Conj/Hex       #####.       1%          3    None
 Force Lance              Conj/Tloc      #####...     3%          4    ###....
 Infusion                 Chrm           #...         11%         1    None
 Song of Slaying          Chrm           #.......     16%         2    None
 Spectral Weapon          Hex/Chrm       ###.....     9%          3    None
 Searing Ray              Conj           ######       1%          2    None
 Summon Forest            Summ/Tloc      ###.......   63%         5    #####..
 Summon Lightning Spire   Summ/Air       #.......     71%         4    ###....
 Summon Guardian Golem    Hex/Summ       ###.....     9%          3    None
 Dragon's Call            Summ           #.........   100%        9    #######
 Spellforged Servitor     Conj/Summ      ####......   100%        7    #######
 Hydra Form               Tmut           #.........   100%        6    ######.
 Irradiate                Conj/Tmut      ####......   36%         5    #####..
 Gell's Gravitas          Tloc           #####.....   2%          3    None
 Yara's Violent Unravell  Hex/Tmut       ###.......   63%         5    #####..
 Lesser Beckoning         Tloc           #####.....   2%          3    None
 Poisonous Vapours        Pois/Air       #.....       16%         2    None


Dungeon Overview and Level Annotations

Branches:
Dungeon (15/15)            Temple (1/1) D:5            Lair (6/6) D:8
 Shoals (4/4) Lair:3        Snake (4/4) Lair:4        Slime (1/5) Lair:6
    Orc (2/2) D:11            Elf (3/3) Orc:2        Vaults (4/5) D:14
  Crypt (0/3) Vaults:2     Depths (5/5) D:15            Zot (0/5) Depths:5

Altars:
Ashenzari
Cheibriados
Elyvilon
Fedhas
Gozag
Kikubaaqudgha
Makhleb
Qazlal
Sif Muna
Uskayaw
Vehumet
Wu Jian
Xom
The Shining One
Beogh
Jiyva

Shops:
D:7 ?   Orc:2 *[:([   Elf:3 (:%?   Shoals:3 [   Snake:2 ?   Snake:3 }==
Vaults:1 (   Vaults:3 !   Depths:1 *   Depths:2 (?:(*

Portals:
Hell: Depths:1 Depths:2 Depths:3 Depths:4 Depths:5
Abyss: Depths:1 Depths:4
Pandemonium: Depths:3 Depths:4
Ziggurat: Depths:2

Annotations:
Elf:2 5 runed doors
Depths:3 3 runed doors, Pounlats's ghost, veteran GrGl
Depths:5 exclusion: upstairs


Innate Abilities, Weirdness & Mutations

You are resistant to torment.
Your stone body is resilient. (AC +18)
You are immune to poison.
Your large and strong wings let you fly indefinitely.
You resist negative energy. (rN+)
You are resistant to electric shocks. (rElec)
You can survive without breathing.
You are immune to petrification.
You are immune to rotting.
You are partially covered in molten scales. (AC +2)
Your body sometimes deteriorates upon taking damage.
You have an increased reservoir of magic. (+10% MP)


Message History

The acid blob spits acid at you. The splash of acid hits you! You resist.
You are splashed with acid!
The acid burns!
You resist.
Unknown command.
Firing (i - inventory. (/) - cycle)
p - 1627 arrows (quivered)
Press: ? - help, Shift-Dir - straight line, f - acid blob
Aim: an acid blob (haloed)
You shoot an arrow. The arrow hits the acid blob.
The arrow burns the acid blob.
The acid blob is lightly wounded.
The acid blob spits acid at you. The splash of acid hits you!
You are splashed with acid!
The acid burns!
You resist. The acid blob spits acid at you. The splash of acid hits you!
You are splashed with acid!
The acid burns!
You resist.
Unknown command.
Firing (i - inventory. (/) - cycle)
p - 1626 arrows (quivered)
Press: ? - help, Shift-Dir - straight line, f/p - acid blob
Aim: an acid blob (lightly wounded, haloed)
You shoot an arrow. The arrow hits the acid blob.
The arrow burns the acid blob.
The acid blob is lightly wounded.
The eye of draining pulsates ominously.
Unknown command.
The acid blob spits acid at you. The splash of acid hits you!
You are splashed with acid!
The acid burns!
You resist. The acid blob completely misses you.
The slime creature hits you but does no damage.
The acid blob hits you!
You are splashed with acid!
The acid burns!
You resist.
You climb upwards.
Welcome back to the Lair of Beasts!
There is a staircase to the Slime Pits here.
You are too injured to fight recklessly!
You are too injured to fight recklessly!
Unknown command.
You are momentarily dazzled by a brilliant light.
You feel somewhat more hungry. The acid blob completely misses you.
You riposte.
You clumsily bash the acid blob but do no damage.
The acid blob hits you but does no damage.
The slime creature hits you but does no damage.
The acid blob hits you but does no damage.
Really attack while wielding your +7 longbow of flaming?
Okay, then.
Your +7 longbow of flaming stops flaming.
Your hands tingle!
b - the +12 trident of Past Mistakes (weapon)
{speed, Str+4} The acid blob closely misses you.
The slime creature hits you but does no damage.
You hit the slime creature.
The slime creature is lightly wounded.
The acid blob closely misses you. The acid blob hits you!
You are splashed with acid!
The acid burns!
You resist. The walls burn your daeva!
You hit the slime creature.
The slime creature is lightly wounded.
The slime creature hits you but does no damage.
The acid blob spits acid at you. The splash of acid hits you!
You are splashed with acid!
The acid burns!
You resist.
Unknown command.
You barely miss the slime creature.
The slime creature is lightly wounded.
The acid blob misses you.
You riposte.
You impale the acid blob!!
The acid blob is moderately wounded.
The walls burn your daeva!
Your daeva hits the acid blob with a scimitar of holy wrath!
Your daeva is burned by acid!
Your daeva hits the acid blob with a scimitar of holy wrath.
Your daeva is burned by acid!
The slime creature hits you but does no damage.
You puncture the slime creature!
The slime creature is moderately wounded.
The acid blob hits you but does no damage.
The acid blob hits you!
You are splashed with acid!
The acid burns!
You resist.
Unknown command.
You completely miss the acid blob.
The acid blob is lightly wounded.
The acid blob hits you!!
* * * LOW HITPOINT WARNING * * *
You are splashed with acid!
The acid burns!
You resist.
* * * LOW HITPOINT WARNING * * *
The slime creature misses you.
You riposte.
You hit the slime creature.
The slime creature is moderately wounded.
The walls burn your daeva!
Your daeva calls down the wrath of the Shining One upon the slime creature.
The slime creature is smitten.
The acid blob spits acid at you. The splash of acid hits you! You resist.
* * * LOW HITPOINT WARNING * * *
You are splashed with acid!
The acid burns!
You resist.
* * * LOW HITPOINT WARNING * * *
You feel much better.
The acid blob jiggles.
The acid blob spits acid at you. The splash of acid hits you!
You are splashed with acid!
The acid burns!
You resist.
* * * LOW HITPOINT WARNING * * *
The acid blob hits you!!
You die...

....#..######..#.######
........##.##.........###
..................##.##.#
..#.#..##..##..####.....###
.#######.#######
#.#......### ## ###
#####......# #####.#
##.....## #..A.### ##.....#
#..@J..#####....##
##.JJ....###.....#
#.........#.....#
###.............#
#.##.......####
############


You could see 2 acid blobs, a slime creature and a friendly daeva.

Vanquished Creatures
  An ancient lich (Depths:2)
  Saint Roka (Vaults:2)
  Frederick (Depths:3)
  Xtahua (Vaults:3)
  2 golden dragons (Depths:5)
  A Hellbinder (WizLab)
  5 liches
  Rupert (D:12)
  3 deep elf blademasters (Elf:3)
  3 deep elf master archers (Elf:3)
  2 acid blobs (Slime:1)
  Polyphemus (Shoals:4)
  A kraken (Shoals:2)
  2 sphinxes
  3 tengu reavers
  3 storm dragons
  A shadow dragon (Depths:4)
  Kirke (Snake:1)
  8 nagarajas
  A draconian monk (Depths:5)
  2 azure jellies
  8 deep elf sorcerers
  2 draconian scorchers
  5 fire giants
  9 frost giants
  2 orc warlords
  A juggernaut zombie (Depths:3)
  2 cacodemons (WizLab)
  4 deep elf elementalists
  The ghost of Yrphutuu the Cleaver, a journeyman MiFi of Makhleb (Lair:5)
  7 vault wardens
  5 ironheart preservers
  2 spriggan defenders (Depths:4)
  A war gargoyle (Vaults:2)
  11 very ugly things
  2 vampire knights
  An entropy weaver (Vaults:1)
  18 stone giants
  A black draconian (Depths:5)
  A white draconian (Depths:5)
  4 deep elf demonologists
  7 spark wasps
  A green draconian (Depths:5)
  A black sun (WizLab)
  A yellow draconian (Depths:5)
  A minotaur (Lab)
  8 deep elf annihilators
  3 red draconians (Depths:5)
  6 statues (Depths:3)
  3 merfolk javelineers
  13 ettins
  6 deep elf death magi (Elf:3)
  Josephine (D:13)
  A blizzard demon (Depths:4)
  A death ooze (Lair:1)
  5 merfolk impalers
  4 fire dragons
  6 deep elf high priests
  7 yaktaur captains
  4 great orbs of eyes
  5 vault guards
  12 ice dragons
  Erolcha (Orc:2)
  3 rakshasas
  A great orb of eyes (shapeshifter) (Vaults:1)
  10 hydras
  Harold (D:7)
  5 spriggan air magi
  A hell beast (Depths:4)
  10 naga warriors
  5 satyrs
  4 anacondas
  9 merfolk aquamancers
  2 death knights
  10 centaur warriors
  39 two-headed ogres
  2 deep troll shamans
  7 death yaks
  13 ogre magi
  A deep troll earth mage (Depths:5)
  4 tengu warriors
  12 dancing weapons
  9 spriggan berserkers
  A sun demon (WizLab)
  8 naga sharpshooters
  4 orc high priests
  A soul eater (Depths:4)
  16 deep elf knights
  2 salamander mystics (Depths:4)
  8 shock serpents
  The ghost of Qecwof the Covert, a novice HaEn of Dithmenos (Lair:1)
  2 hell knights
  A shadow wraith (Vaults:2)
  6 skeletal warriors
  A storm dragon skeleton (Depths:4)
  A spark wasp zombie (Depths:3)
  3 iron trolls
  6 deep trolls
  5 unseen horrors
  15 sea snakes
  9 wizards
  2 unseen horrors (shapeshifter)
  17 deep elf archers
  3 glowing orange brains
  The ghost of laplap the Chopper, a novice DDBe of Trog (D:6)
  A swamp dragon (Lair:6)
  2 tengu zombies
  5 naga ritualists
  2 harpies (shapeshifter)
  2 necromancers
  2 phantasmal warriors (Vaults:2)
  12 harpies
  45 deep elf magi
  16 orc knights
  16 ironbrand convokers
  7 oklob plants
  A wolf spider zombie (D:15)
  4 lindwurms (Lair:5)
  6 orc sorcerers
  7 mana vipers
  42 ugly things
  10 fauns
  5 wolf spiders
  A manticore (shapeshifter) (Vaults:4)
  A salamander (shapeshifter) (D:14)
  11 cyclopes
  4 centaur zombies
  13 salamanders
  13 manticores
  7 ice statues
  6 merfolk sirens
  6 guardian serpents
  6 vault sentinels
  A guardian serpent (shapeshifter) (D:11)
  A black mamba (shapeshifter) (Vaults:1)
  8 water nymphs
  3 rust devils (WizLab)
  48 black mambas
  An eye of devastation (Orc:2)
  17 naga magi
  A smoke demon (Volcano)
  2 gargoyles
  A spiny frog (shapeshifter) (Depths:1)
  A titan simulacrum (Vaults:3)
  An orange demon (WizLab)
  8 spiny frogs
  An efreet (D:12)
  3 kobold demonologists
  5 rime drakes
  2 komodo dragons (shapeshifter)
  A redback zombie (D:14)
  A small abomination (Elf:3)
  6 ice devils
  6 freezing wraiths
  42 yaktaurs
  A yaktaur (shapeshifter) (Vaults:2)
  A human skeleton (Vaults:3)
  9 komodo dragons
  3 hellwings (WizLab)
  An elf skeleton (Depths:4)
  9 trolls
  2 red devils (Volcano)
  29 merfolk
  A queen bee (Lair:2)
  5 tengu conjurers
  3 wind drakes
  10 polar bears (Lair:6)
  14 hornets
  2 raiju (Lair:6)
  13 hippogriffs
  4 blink frogs
  A stone giant simulacrum (Vaults:3)
  35 slime creatures
  7 snapping turtles
  A raiju (shapeshifter) (Vaults:3)
  An ettin zombie (Depths:3)
  24 water elementals
  9 dream sheep
  A shapeshifter (Depths:2)
  A spriggan (shapeshifter) (Vaults:3)
  9 spriggans
  2 dire elephant simulacra (IceCv)
  4 redbacks (Vaults:1)
  2 shadows
  7 wraiths
  A redback (shapeshifter) (Depths:5)
  30 yaks
  A human (D:10)
  6 basilisks
  7 fire bats (Volcano)
  5 wyverns
  A hog (Snake:1)
  3 fire elementals
  A golden eye (shapeshifter) (Vaults:4)
  The ghost of raikaria the Slasher, an amateur MfGl (D:4)
  6 steam dragons
  2 neqoxecs (WizLab)
  Grum (D:9)
  11 vampire mosquitoes
  36 nagas
  13 wargs
  2 harpy simulacra (IceCv)
  14 hell hounds
  6 acid dragons
  A soldier ant (shapeshifter) (Depths:2)
  A human zombie (Depths:3)
  A floating eye (Depths:5)
  2 hydra simulacra (IceCv)
  25 water moccasins
  A swamp drake (Lair:6)
  9 porcupines
  5 sky beasts
  A hornet zombie (D:8)
  An ice beast (shapeshifter) (D:14)
  38 orc warriors
  2 ettin simulacra
  12 black bears
  A black bear (shapeshifter) (D:15)
  An eye of draining (shapeshifter) (Vaults:1)
  An eye of draining (D:11)
  11 ice beasts
  A tengu (shapeshifter) (D:15)
  35 ogres
  25 wolves
  21 centaurs
  2 necrophages
  24 boggarts
  17 big kobolds
  13 crocodiles
  2 earth elementals
  19 bullfrogs
  3 wyvern zombies
  A water moccasin zombie (D:7)
  35 killer bees
  6 scorpions
  4 wights
  4 howler monkeys
  9 crimson imps
  10 lava snakes (Volcano)
  4 bullfrog zombies
  34 orc priests
  12 hounds
  9 jellies
  6 centaur skeletons
  A bullfrog skeleton (D:11)
  3 gnoll shamans (D:4)
  24 orc wizards
  Ijyb (D:5)
  A hell rat (Lair:2)
  11 iguanas
  13 worker ants
  Natasha (thrice) (D:1)
  3 human simulacra
  Robin (D:3)
  A worker ant zombie (D:9)
  27 gnolls (D:4)
  21 adders
  5 river rats (Sewer)
  5 shadow imps
  2 white imps
  A worker ant simulacrum (D:11)
  2 oozes
  2 adder zombies
  A worm (D:4)
  4 dart slugs
  3 leopard geckos
  97 orcs
  5 ball pythons
  13 giant cockroaches
  11 goblins
  11 hobgoblins
  18 jackals (D:4)
  2 quokkas
  6 bats
  4 frilled lizards
  A jackal skeleton (D:4)
  42 kobolds
  2 leopard gecko skeletons
  2 quokka skeletons
  A quokka zombie (D:6)
  25 rats
  A bush (D:4)
  A crawling corpse (Elf:3)
  3 fire vortices (Depths:3)
  7 tentacles (Shoals:2)
2056 creatures vanquished.

Vanquished Creatures (collateral kills)
  the Enchantress (Depths:4)
  2 krakens (Shoals:2)
  A nagaraja (Snake:4)
  A frost giant (Vaults:3)
  Louise (D:15)
  A balrug (WizLab)
  A spriggan defender (Depths:4)
  2 draconian annihilators (Depths:3)
  A very ugly thing (IceCv)
  A juggernaut skeleton (Depths:4)
  A deep elf annihilator (Depths:3)
  Snorg (D:14)
  2 green deaths (WizLab)
  2 merfolk impalers (Shoals:4)
  A quicksilver dragon skeleton (Depths:4)
  2 vault guards (D:14)
  A naga warrior (Snake:3)
  5 spriggan air magi
  2 centaur warriors (D:13)
  A satyr (Shoals:4)
  2 hell beasts (WizLab)
  A catoblepas (Shoals:4)
  2 two-headed ogres
  2 spriggan berserkers
  5 naga sharpshooters
  A deep elf knight (D:15)
  A titan skeleton (Depths:4)
  9 skeletal warriors (Depths:4)
  2 deep elf archers (Vaults:3)
  A sea snake (Shoals:4)
  A necromancer (Vaults:3)
  An ironbrand convoker (Vaults:3)
  2 deep elf magi
  3 ugly things
  3 manticores
  A wolf spider (Vaults:3)
  A cyclops (Shoals:2)
  2 merfolk sirens
  A fire giant skeleton (Depths:4)
  A tengu skeleton (Depths:4)
  A black mamba (Snake:3)
  A vault sentinel (Vaults:3)
  2 water nymphs
  2 rust devils (WizLab)
  A centaur skeleton (D:15)
  6 naga magi
  2 smoke demons (WizLab)
  A gargoyle (D:15)
  3 orange demons (WizLab)
  3 elf skeletons (Depths:4)
  4 yaktaurs
  A tormentor (WizLab)
  A freezing wraith (Vaults:3)
  An ice devil (WizLab)
  A hellwing (WizLab)
  A red devil (WizLab)
  3 merfolk (Shoals:4)
  A hornet (Depths:4)
  4 dream sheep (Shoals:2)
  A human simulacrum (Vaults:3)
  A hippogriff (Shoals:2)
  4 spriggans (Depths:4)
  2 water elementals
  A vampire mosquito (D:14)
  8 nagas
  A warg (Vaults:3)
  An iron troll simulacrum (IceCv)
  2 orc warriors
  An ettin simulacrum (IceCv)
  An ogre (Vaults:3)
  2 centaurs (D:13)
  A white imp (Vaults:1)
  An orc (Vaults:3)
  A fire vortex (Depths:3)
  2 fungi (Lair:3)
  4 tentacles (Shoals:2)
145 creatures vanquished.

Vanquished Creatures (others)
  A deep elf annihilator (Depths:3)
  A spark wasp (Depths:3)
  A statue (Depths:3)
  A merfolk aquamancer (Shoals:4)
  A wyvern skeleton (D:10)
  An orc priest (Orc:2)
  A human simulacrum (D:14)
  An adder (D:5)
  2 orcs
  A bush (Lair:5)
  14 fungi
  34 plants
  47 tentacles
106 creatures vanquished.

Grand Total: 2307 creatures vanquished

Notes
Turn   | Place    | Note
-------+----------+-------------------------------------------
     0 | D:1      | magipi the Gargoyle Fire Elementalist began the quest for the Orb.
     0 | D:1      | Reached XP level 1. HP: 10/10 MP: 3/3
    72 | D:1      | Reached XP level 2. HP: 13/15 MP: 1/5
   762 | D:2      | You fall through a shaft!
  1082 | D:2      | Reached XP level 3. HP: 19/19 MP: 2/6
  1217 | D:2      | Learned a level 3 spell: Conjure Flame
  1314 | D:2      | Noticed Natasha
  1398 | D:1      | Killed Natasha
  1398 | D:1      | Reached XP level 4. HP: 14/24 MP: 2/7
  1843 | D:1      | Noticed Natasha
  1849 | D:1      | Killed Natasha
  1937 | D:1      | Noticed Natasha
  1948 | D:1      | HP: 1/24 [Natasha (5)]
  1949 | D:1      | Killed Natasha
  1949 | D:1      | Reached XP level 5. HP: 2/28 MP: 1/8
  2340 | D:2      | Learned a level 4 spell: Sticky Flame
  2810 | D:3      | Noticed Robin
  2818 | D:3      | Killed Robin
  3548 | D:4      | Found a blossoming altar of Fedhas.
  3560 | D:4      | Noticed a centaur
  3591 | D:4      | Noticed an ogre
  3599 | D:4      | Killed an ogre
  3599 | D:4      | Reached XP level 6. HP: 32/32 MP: 9/9
  3632 | D:4      | Reached skill level 5 in Conjurations
  4107 | D:4      | Reached skill level 5 in Fire Magic
  4107 | D:4      | Reached XP level 7. HP: 35/36 MP: 11/11
  4117 | D:4      | Found a runed gate.
  4117 | D:4      | Found a runed gate.
  4118 | D:4      | Found a runed gate.
  4134 | D:4      | Noticed raikaria's ghost (amateur MfGl)
  5018 | D:4      | Reached XP level 8. HP: 41/41 MP: 14/14
  5516 | D:5      | Entered Level 5 of the Dungeon
  5595 | D:5      | Noticed Ijyb
  5684 | D:5      | Killed Ijyb
  5714 | D:5      | Found a glowing drain.
  5718 | Sewer    | Entered a sewer
  5942 | Sewer    | Reached skill level 1 in Fighting
  5942 | Sewer    | Reached skill level 1 in Short Blades
  6479 | D:5      | Found a staircase to the Ecumenical Temple.
  6481 | D:5      | You fall through a shaft!
  6483 | D:6      | Found a runed gate.
  6594 | Temple   | Entered the Ecumenical Temple
  6599 | Temple   | Became a worshipper of the Shining One
  6784 | D:5      | Found a radiant altar of Vehumet.
  6892 | D:5      | Reached XP level 9. HP: 51/51 MP: 15/15
  7335 | D:6      | You fall through a shaft!
  7415 | D:7      | Reached skill level 5 in Fighting
  7684 | D:6      | Reached * piety under the Shining One
  7686 | D:6      | Noticed laplap's ghost (novice DDBe)
  7687 | D:6      | Found a runed gate.
  7687 | D:6      | Found a runed gate.
  7885 | D:7      | Noticed Harold
  7903 | D:7      | Killed Harold
  7903 | D:7      | Reached skill level 5 in Short Blades
  8350 | D:7      | Reached XP level 10. HP: 44/64 MP: 16/16
  8570 | D:7      | Found Wapteiga's Magic Scroll Boutique.
  8575 | D:7      | Bought a scroll of identify for 30 gold pieces
  8575 | D:7      | Bought a scroll of identify for 30 gold pieces
  8575 | D:7      | Bought a scroll of identify for 30 gold pieces
  8712 | D:7      | Found a deep blue altar of Sif Muna.
  8839 | D:8      | Reached ** piety under the Shining One
  9073 | D:8      | Found a staircase to the Lair.
  9342 | D:8      | Reached skill level 10 in Fighting
 10237 | D:9      | Noticed Grum
 10386 | D:9      | Killed Grum
 10511 | D:9      | Learned a level 1 spell: Apportation
 10547 | D:10     | Entered Level 10 of the Dungeon
 10608 | D:10     | Reached *** piety under the Shining One
 10813 | D:10     | Reached XP level 11. HP: 67/76 MP: 17/17
 11644 | D:11     | Found a staircase to the Orcish Mines.
 11668 | D:11     | Identified the +12 trident of Past Mistakes {speed, Str+4} (You found it on level 11 of the Dungeon)
 11737 | D:11     | Noticed a cyan ugly thing
 11793 | D:10     | Killed a cyan ugly thing
 12125 | D:11     | Reached **** piety under the Shining One
 12278 | D:11     | Noticed a six-headed hydra
 12323 | D:11     | Killed a six-headed hydra
 12404 | D:11     | Noticed a cyclops
 12443 | D:11     | Killed a cyclops
 12443 | D:11     | Reached skill level 15 in Fighting
 12471 | D:11     | Noticed a two-headed ogre
 12489 | D:11     | Killed a two-headed ogre
 12489 | D:11     | Reached XP level 12. HP: 79/88 MP: 18/18
 12758 | Lair:1   | Entered Level 1 of the Lair of Beasts
 12788 | Lair:1   | Noticed a five-headed hydra
 12814 | Lair:1   | Killed a five-headed hydra
 13057 | Lair:1   | Found a runed gate.
 13077 | Lair:1   | Reached skill level 1 in Polearms
 13101 | Lair:1   | Found a runed gate.
 13101 | Lair:1   | Found a runed gate.
 13101 | Lair:1   | Noticed a death ooze
 13102 | Lair:1   | Noticed Qecwof's ghost (novice HaEn)
 13125 | Lair:1   | Noticed an eight-headed hydra
 13128 | Lair:1   | Noticed a seven-headed hydra
 13141 | Lair:1   | Killed an eight-headed hydra
 13146 | Lair:1   | Killed a seven-headed hydra
 13193 | Lair:1   | Found a viscous altar of Jiyva.
 13805 | Lair:2   | Reached skill level 5 in Polearms
 13810 | Lair:2   | Reached skill level 5 in Dodging
 14131 | Lair:2   | Reached XP level 13. HP: 93/93 MP: 19/19
 14134 | Lair:2   | Reached skill level 1 in Translocations
 15037 | Lair:3   | Found a staircase to the Shoals.
 15383 | Lair:4   | Found a dark tunnel.
 15394 | Volcano  | Entered a volcano
 15633 | Volcano  | Reached ***** piety under the Shining One
 15659 | Volcano  | Found a burning altar of Makhleb.
 15663 | Volcano  | Got a transparent helmet
 15800 | Lair:4   | Identified the +2 helmet of Hedge Wizardry {rC+ MR+ SInv} (You found it in a volcano)
 15912 | Lair:4   | Found a staircase to the Snake Pit.
 16226 | Lair:4   | Got a jewelled chain mail
 16546 | Lair:5   | Reached skill level 5 in Translocations
 16620 | Lair:5   | Gained mutation: Your large and strong wings let you fly indefinitely. [Gargoyle growth]
 16620 | Lair:5   | Reached XP level 14. HP: 95/100 MP: 20/20
 16680 | Lair:5   | Found a runed gate.
 16680 | Lair:5   | Found a runed gate.
 16681 | Lair:5   | Found a runed gate.
 16684 | Lair:5   | Noticed Yrphutuu's ghost (journeyman MiFi)
 16967 | Lair:5   | Learned a level 5 spell: Fireball
 17318 | Lair:6   | Entered Level 6 of the Lair of Beasts
 17492 | Lair:5   | Upgraded the game from 0.22.0-1-g6561e4c to 0.22.0-5-gf09313c
 17894 | Lair:6   | Reached skill level 1 in Invocations
 17925 | Lair:6   | Reached skill level 1 in Evocations
 18271 | Lair:6   | Identified the +1 chain mail of the Five Places {MR- Str+4 Dex+5} (You found it on level 4 of the Lair of Beasts)
 18309 | Lair:6   | Reached ****** piety under the Shining One
 19077 | Orc:1    | Entered Level 1 of the Orcish Mines
 19117 | Orc:1    | Found a roughly hewn altar of Beogh.
 19274 | Orc:2    | Entered Level 2 of the Orcish Mines
 19284 | Orc:2    | Noticed Nessos
 19289 | Orc:2    | Noticed Nessos
 19289 | Orc:2    | Nessos changed into Nessos the eye of devastation
 19298 | Orc:2    | Killed Nessos the eye of devastation
 19358 | Orc:2    | Found a staircase to the Elven Halls.
 19409 | Orc:2    | Found Onaujim's Antique Armour Shop.
 19537 | Orc:1    | Reached XP level 15. HP: 104/104 MP: 21/21
 19889 | Orc:2    | Noticed Erolcha
 19922 | Orc:2    | Paralysed by Erolcha for 4 turns
 19934 | Orc:2    | Killed Erolcha
 19934 | Orc:2    | Reached skill level 1 in Bows
 20026 | Orc:2    | Noticed an orc warlord
 20064 | Orc:2    | Reached skill level 10 in Conjurations
 20076 | Orc:2    | Killed an orc warlord
 20430 | Orc:2    | Reached skill level 5 in Invocations
 20692 | Orc:2    | Reached skill level 10 in Fire Magic
 20813 | Orc:2    | Found Kodics's General Store.
 20814 | Orc:2    | Found Funela's Book Boutique.
 20815 | Orc:2    | Found Jetaogoq's Antique Armour Boutique.
 20815 | Orc:2    | Found Kochoba's Antique Weapon Shop.
 20830 | Orc:2    | Bought a scroll of identify for 24 gold pieces
 20830 | Orc:2    | Bought a potion of haste for 120 gold pieces
 21278 | Orc:2    | Bought a runed robe for 85 gold pieces
 21661 | D:4      | Killed raikaria's ghost
 21832 | D:6      | Killed laplap's ghost
 22049 | Lair:1   | Killed Qecwof's ghost
 22469 | D:12     | Found a portal to a secret trove of treasure.
 22550 | D:12     | Found a viscous altar of Jiyva.
 22697 | D:12     | Noticed Rupert
 22712 | D:12     | Killed Rupert
 22712 | D:12     | Reached skill level 5 in Evocations
 23368 | D:13     | Found a labyrinth entrance.
 23380 | Lab      | Entered a labyrinth
 23569 | Lab      | Identified Sif Muna's Disquisition on Heat and Venom
 23745 | D:13     | Gained mutation: Your magical capacity is low. (-10% MP) [a neqoxec]
 24085 | D:13     | Reached skill level 5 in Bows
 24674 | D:13     | Reached XP level 16. HP: 110/110 MP: 20/20
 24842 | D:14     | Noticed Josephine
 24855 | D:13     | Killed Josephine
 25048 | D:14     | Found a gate to the Vaults.
 25061 | D:14     | Reached skill level 10 in Invocations
 25440 | D:14     | Found a white marble altar of Elyvilon.
 25441 | D:14     | Noticed Snorg
 25455 | D:14     | Killed Snorg
 25578 | D:15     | Entered Level 15 of the Dungeon
 25896 | D:15     | Found a shimmering altar of Xom.
 25896 | D:15     | Found a shimmering altar of Xom.
 25897 | D:15     | Found a shimmering altar of Xom.
 25898 | D:15     | Found a shimmering altar of Xom.
 25901 | D:15     | Found a shimmering altar of Xom.
 26092 | D:15     | Found a staircase to the Depths.
 26097 | D:15     | Identified a scroll of acquirement
 26098 | D:15     | Found the +0 pair of fencer's gloves {+Riposte Dex+3}
 26269 | D:15     | Noticed Louise
 26294 | D:15     | Killed Louise
 27176 | Lair:6   | Found a staircase to the Slime Pits.
 27353 | Snake:1  | Entered Level 1 of the Snake Pit
 27374 | Snake:1  | Found a blossoming altar of Fedhas.
 28181 | Snake:1  | Noticed Kirke
 28190 | Snake:1  | Killed Kirke
 28585 | Snake:2  | Found Palof's Magic Scroll Shoppe.
 28598 | Snake:2  | Bought a scroll of identify for 34 gold pieces
 28598 | Snake:2  | Bought a scroll of identify for 34 gold pieces
 28598 | Snake:2  | Bought a scroll of identify for 34 gold pieces
 28598 | Snake:2  | Bought a scroll of identify for 34 gold pieces
 28654 | Snake:2  | Noticed an azure jelly
 28660 | Snake:2  | Killed an azure jelly
 28680 | Snake:2  | Found a frozen archway.
 28686 | IceCv    | Entered an ice cave
 28699 | IceCv    | Reached XP level 17. HP: 115/115 MP: 22/22
 28774 | IceCv    | Reached skill level 1 in Armour
 28998 | IceCv    | Got a steaming ivory ring
 28999 | IceCv    | Identified the ring of the Ninety-Nine Lies {rCorr *Drain +Blink rF++ rN+++} (You found it in an ice cave)
 29780 | Snake:2  | You fall through a shaft!
 29856 | Snake:3  | Reached skill level 10 in Bows
 30008 | Snake:3  | Reached skill level 5 in Armour
 30423 | Orc:2    | Bought a faintly glowing chain mail for 218 gold pieces
 30425 | Orc:2    | Identified the +6 chain mail of the Doldrums {rElec rC- MR+++ Slay-3} (You bought it in a shop on level 2 of the Orcish Mines)
 30498 | Orc:2    | Bought a heavily runed chain mail for 199 gold pieces
 30499 | Orc:2    | Identified the +5 chain mail of Agoraphobia {-Cast +Inv rF- Str+5} (You bought it in a shop on level 2 of the Orcish Mines)
 30502 | Orc:2    | Bought a runed robe for 77 gold pieces
 31283 | Snake:3  | Found Jejodd's Gadget Boutique.
 31283 | Snake:3  | Found Neinn's Jewellery Shoppe.
 31284 | Snake:3  | Found Giupyoca's Jewellery Shoppe.
 31304 | Snake:3  | Bought a wand of digging (19) for 690 gold pieces
 31556 | Snake:4  | Entered Level 4 of the Snake Pit
 32701 | Snake:4  | Reached XP level 18. HP: 120/120 MP: 23/23
 33024 | Snake:4  | Reached skill level 10 in Dodging
 33149 | Snake:4  | Got a serpentine rune of Zot
 33188 | Snake:4  | Reached skill level 10 in Evocations
 33881 | Shoals:1 | Entered Level 1 of the Shoals
 34163 | Shoals:1 | Got a crude emerald amulet
 34164 | Shoals:1 | Identified the amulet "Ipriawn" {rElec rF- rN+++ Regen+ Str+4} (You found it on level 1 of the Shoals)
 34728 | Shoals:2 | HP: 5/120 [tentacle[a kraken] (19)]
 36044 | Shoals:3 | Learned a level 3 spell: Portal Projectile
 36071 | Shoals:3 | Reached skill level 1 in Hexes
 36169 | Shoals:3 | Found Keowebumo's Antique Armour Boutique.
 36231 | Shoals:3 | Bought a faintly humming robe for 171 gold pieces
 36231 | Shoals:3 | Identified the cursed +0 robe "Woalowk" {+Blink rElec Str+6 Slay-4} (You bought it in a shop on level 3 of the Shoals)
 36380 | Shoals:3 | Identified the +1 ring mail "Wilufad" {+Fly rElec Int-3 Stlth+} (You found it on level 3 of the Shoals)
 36474 | Shoals:4 | Entered Level 4 of the Shoals
 36474 | Shoals:4 | Noticed Polyphemus
 36530 | Shoals:3 | Reached XP level 19. HP: 78/125 MP: 25/25
 36920 | Shoals:4 | HP: 1/125 [Polyphemus/large rock (45)]
 37890 | Shoals:3 | Reached skill level 5 in Hexes
 38226 | Shoals:4 | Identified the +6 longbow of Slime {speed, rPois MR++ Str-5} (You found it on level 4 of the Shoals)
 38438 | Shoals:4 | Killed Polyphemus
 38438 | Shoals:4 | Reached skill level 15 in Bows
 39000 | Shoals:4 | Got a barnacled rune of Zot
 39290 | Elf:1    | Entered Level 1 of the Elven Halls
 40303 | Elf:1    | Identified the +1 plate armour of Protective Custody {*Drain rN+ Int+2 Slay+2} (You found it on level 1 of the Elven Halls)
 41238 | Elf:2    | Reached XP level 20. HP: 115/131 MP: 21/26
 41585 | Elf:2    | Found a huge runed gate.
 41585 | Elf:2    | Found a huge runed gate.
 41585 | Elf:2    | Found a huge runed gate.
 41585 | Elf:2    | Found a huge runed gate.
 41585 | Elf:2    | Found a huge runed gate.
 41628 | Elf:3    | Entered Level 3 of the Elven Halls
 41655 | Elf:3    | Found Fiwk's Magic Scroll Emporium.
 41657 | Elf:3    | Found Qotan's Food Emporium.
 41657 | Elf:3    | Found Durreumn's Book Shoppe.
 41678 | Elf:3    | Found Bygreal's Antique Weapon Shoppe.
 41687 | Elf:3    | Bought a scroll of fear for 66 gold pieces
 41687 | Elf:3    | Bought a scroll of fear for 66 gold pieces
 41695 | Elf:3    | Bought a pitted great sword for 471 gold pieces
 41696 | Elf:3    | Identified the +9 great sword of Xealemunk {pain, rPois Str+4} (You bought it in a shop on level 3 of the Elven Halls)
 42670 | Elf:3    | Identified the amulet "Tewk" {Reflect MR+ Str-4 Int+8 SH+6 SInv} (You took it off a deep elf master archer on level 3 of the Elven Halls)
 43185 | Elf:3    | Got a twitching platinum amulet
 43186 | Elf:3    | Identified the amulet of Ysesy {RegenMP Str+3 Dex+3} (You took it off a deep elf master archer on level 3 of the Elven Halls)
 43194 | Elf:3    | Identified the +7 ring mail of the Postmodern Stars {rPois} (You took it off a deep elf master archer on level 3 of the Elven Halls)
 43209 | Elf:3    | Got a glittering golden amulet
 43211 | Elf:3    | Identified the amulet of the Lumpy Wishes {Spirit Str+4 Int+7} (You took it off a deep elf sorcerer on level 3 of the Elven Halls)
 43296 | Elf:3    | Identified the amulet of Tasafice {RegenMP rElec rC+ Str+2} (You took it off a deep elf high priest on level 3 of the Elven Halls)
 43429 | Elf:3    | Got a flickering wooden ring
 43490 | Elf:3    | Identified the Papyrus of the Harmful Oath
 43617 | Elf:3    | Bought a scroll of identify for 38 gold pieces
 43617 | Elf:3    | Bought a scroll of identify for 38 gold pieces
 43617 | Elf:3    | Bought a scroll of identify for 38 gold pieces
 43617 | Elf:3    | Bought a scroll of blinking for 142 gold pieces
 43623 | Elf:3    | Identified the ring "Jomifal" {rPois rC++ Dex+5 Slay-6} (You took it off a deep elf demonologist on level 3 of the Elven Halls)
 43806 | Vaults:1 | Entered Level 1 of the Vaults
 43961 | Vaults:1 | Found Haluam's Antique Weapon Shoppe.
 44305 | Vaults:1 | Reached XP level 21. HP: 130/136 MP: 27/27
 45797 | Vaults:2 | Noticed Saint Roka
 45823 | Vaults:2 | Killed Saint Roka
 46083 | Vaults:2 | Found the +7 longbow "Piercer" {penet, EV-2}
 46182 | Vaults:2 | Found a staircase to the Crypt.
 46389 | Vaults:2 | Reached skill level 10 in Armour
 47071 | Vaults:3 | Reached XP level 22. HP: 126/142 MP: 20/27
 47939 | Vaults:3 | Noticed Xtahua
 47951 | Vaults:3 | Killed Xtahua
 48078 | Vaults:3 | Found a shimmering altar of Xom.
 48126 | Vaults:3 | Found Eprej's Distillery.
 48151 | Vaults:3 | Bought a potion of resistance for 110 gold pieces
 48151 | Vaults:3 | Bought a potion of agility for 44 gold pieces
 48151 | Vaults:3 | Bought a potion of magic for 88 gold pieces
 48151 | Vaults:3 | Bought a potion of heal wounds for 55 gold pieces
 48151 | Vaults:3 | Bought a potion of heal wounds for 55 gold pieces
 48151 | Vaults:3 | Bought a potion of cancellation for 88 gold pieces
 48257 | Vaults:4 | Reached skill level 5 in Spellcasting
 49715 | Depths:1 | Entered Level 1 of the Depths
 49772 | Depths:1 | Found a gateway to Hell.
 49940 | Depths:1 | Found a magical portal.
 50022 | WizLab   | Entered The Hall of the Hellbinder
 50094 | WizLab   | Gained mutation: Your magical capacity is very low. (-20% MP) [a cacodemon]
 50113 | WizLab   | Gained mutation: Scrolls take you a little longer to read. [a neqoxec]
 50119 | WizLab   | Gained mutation: You are dopey. (Int -2) [a neqoxec]
 50396 | WizLab   | Found a burning altar of Makhleb.
 50411 | WizLab   | Noticed Uplava
 50421 | WizLab   | Killed Uplava the Hellbinder
 50434 | WizLab   | Identified the Papyrus of Creation
 51433 | Depths:1 | Reached XP level 23. HP: 134/147 MP: 27/27
 51637 | Depths:1 | Found Cexzy's General Store.
 51707 | Depths:1 | Bought a scroll of identify for 42 gold pieces
 51707 | Depths:1 | Bought 2 potions of agility for 168 gold pieces
 51707 | Depths:1 | Bought a scroll of magic mapping for 73 gold pieces
 51707 | Depths:1 | Bought 2 potions of heal wounds for 210 gold pieces
 51793 | Depths:1 | Found a one-way gate to the infinite horrors of the Abyss.
 52206 | Depths:2 | Found Viugi's Weapon Shop.
 52687 | Depths:2 | Found Dielidd's Magic Scroll Shop.
 52694 | Depths:2 | Found a gateway to a ziggurat.
 52782 | Depths:2 | Reached skill level 15 in Invocations
 52790 | Depths:2 | Found Qotan's Book Shoppe.
 52810 | Depths:2 | Found Ynaotee's General Store.
 52820 | Depths:2 | Bought a potion of haste for 120 gold pieces
 52820 | Depths:2 | Bought a scroll of teleportation for 36 gold pieces
 53117 | Depths:2 | Noticed an ancient lich
 53130 | Depths:2 | Killed an ancient lich
 53279 | Depths:2 | Found Ehik Hyv's Antique Weapon Boutique.
 53501 | Depths:2 | Got a scorched lapis lazuli ring
 53510 | Depths:2 | Got a flickering steel ring
 54120 | Depths:3 | Found a one-way gate leading to the halls of Pandemonium.
 54355 | Depths:3 | Identified The Intricacies of the Arcane Arts
 54379 | Depths:3 | Noticed Frederick
 54397 | Depths:3 | Killed Frederick
 54397 | Depths:3 | Reached XP level 24. HP: 152/152 MP: 11/28
 54407 | Depths:3 | Found a radiant altar of Vehumet.
 54729 | Depths:3 | Identified the cursed ring "Fuzaefra" {*Slow Str-4 Dex+8 SInv} (You took it off a frost giant on level 2 of the Depths)
 54733 | Depths:3 | Identified the ring of Scepticism {+Fly MR++ Int+5} (You took it off a wizard on level 2 of the Depths)
 54957 | Depths:3 | Found a runed gate.
 54960 | Depths:3 | Found a runed gate.
 54960 | Depths:3 | Noticed Pounlats's ghost (veteran GrGl)
 54961 | Depths:3 | Found a runed gate.
 55394 | Depths:3 | Found a shimmering altar of Xom.
 55835 | Depths:4 | Noticed the Enchantress
 55847 | Depths:4 | Killed the Enchantress
 55894 | Depths:4 | Lost mutation: Your magical capacity is very low. (-20% MP) [potion of mutation]
 55894 | Depths:4 | Lost mutation: Scrolls take you a little longer to read. [potion of mutation]
 55894 | Depths:4 | Lost mutation: Your magical capacity is low. (-10% MP) [potion of mutation]
 55894 | Depths:4 | Lost mutation: You are dopey. (Int -2) [potion of mutation]
 55894 | Depths:4 | Gained mutation: Your body sometimes deteriorates upon taking damage. [potion of mutation]
 55894 | Depths:4 | Gained mutation: You have an increased reservoir of magic. (+10% MP) [potion of mutation]
 55894 | Depths:4 | Gained mutation: You are partially covered in molten scales. (AC +2) [potion of mutation]
 56290 | Depths:4 | Identified the +3 faerie dragon scales {rF- MR++ rCorr} (You took it off the Enchantress on level 4 of the Depths)
 56552 | D:12     | You paid a toll of a +5 demon whip to enter a treasure trove
 56553 | Trove    | Entered a treasure trove
 56603 | Trove    | Got a sparkling bronze amulet
 56604 | Trove    | Identified the amulet of Biguc {RegenMP rN+ MP-9 Str+6} (You found it in a treasure trove)
 56607 | Trove    | Got a fine lead amulet
 56608 | Trove    | Identified the amulet of Tureodd {Reflect Int+4 SH+4} (You found it in a treasure trove)
 56611 | Trove    | Got a scintillating bronze amulet
 56612 | Trove    | Identified the amulet "Ynezaib" {Inacc rC+} (You found it in a treasure trove)
 57225 | Depths:5 | Entered Level 5 of the Depths
 58425 | Depths:5 | Found a gate to the Realm of Zot.
 59270 | Lair:5   | Killed Yrphutuu's ghost
 59384 | Slime:1  | Entered Level 1 of the Pits of Slime
 59409 | Lair:6   | Slain by an acid blob

Skill      XL: |  1  2  3  4  5  6  7  8  9 10 11 12 13 14 15 16 17 18 19 20 21 22 23 24 |
---------------+-------------------------------------------------------------------------+-----
Conjurations   | 2 3 4 5 6 7 8 9 10 | 10.0
Fire Magic     | 4 5 6 7 8 9 10 | 10.0
Spellcasting   | 3 4 7 8 |  8.0
Fighting       | 3 7 12 15 16 | 16.1
Short Blades   | 3 5 |  5.7
Polearms       | 5 7 8 |  8.0
Dodging        | 5 7 8 9 10 12 | 12.8
Translocations | 5 6 |  6.0
Invocations    | 4 9 11 12 13 17 20 | 20.2
Evocations     | 3 6 9 10 11 12 | 12.0
Bows           | 5 9 11 14 16 19 20 | 20.0
Armour         | 6 7 11 12 13 | 13.4
Hexes          | 2 6 |  6.0
Stealth        | |  2.1

Action                   |  1- 3 |  4- 6 |  7- 9 | 10-12 | 13-15 | 16-18 | 19-21 | 22-24 || total
-------------------------+-------+-------+-------+-------+-------+-------+-------+-------++-------
Melee: Unarmed           |    41 |       |       |       |       |       |       |       ||    41
       Dagger            |     3 |    82 |   533 |   374 |     7 |       |       |       ||   999
       Spear             |       |       |    65 |   102 |       |       |       |       ||   167
       Trident           |       |       |       |   281 |  1579 |  1122 |   673 |   270 ||  3925
 Fire: Longbow           |       |       |       |       |    21 |   492 |   974 |  1678 ||  3165
Throw: Throwing net      |       |       |       |       |       |       |       |     2 ||     2
 Cast: Flame Tongue      |    51 |    62 |     7 |       |       |       |       |       ||   120
       Conjure Flame     |       |     3 |     5 |    17 |     3 |       |       |       ||    28
       Sticky Flame      |       |       |    46 |    67 |    59 |       |    39 |    11 ||   222
       Apportation       |       |       |       |       |     8 |       |     7 |       ||    15
       Fireball          |       |       |       |       |       |     1 |     9 |     4 ||    14
       Portal Projectile |       |       |       |       |       |       |    20 |    28 ||    48
Invok: Summon Divine War |       |       |       |       |     3 |    13 |     7 |    13 ||    36
       Cleansing Flame   |       |       |       |       |       |       |       |     1 ||     1
 Abil: Fly               |       |       |       |       |     1 |     1 |       |     1 ||     3
       Stop Flying       |       |       |       |       |       |     1 |       |     2 ||     3
       Evoke Blink       |       |       |       |       |       |       |       |     2 ||     2
Evoke: Wand              |       |       |       |       |     6 |    37 |    10 |     3 ||    56
       Sack of spiders   |       |       |       |       |     2 |       |       |       ||     2
       Phantom mirror    |       |       |       |       |     1 |       |       |       ||     1
       Fan of gales      |       |       |       |       |       |     1 |       |     1 ||     2
       Lamp of fire      |       |       |       |       |       |       |       |     1 ||     1
  Use: Scroll            |       |    11 |     5 |    14 |    16 |    17 |    21 |    15 ||    99
       Potion            |       |       |     2 |       |     5 |     3 |    11 |     3 ||    24
 Stab: Sleeping          |     2 |     5 |     1 |       |       |       |       |       ||     8
  Eat: Chunk             |     2 |    10 |    23 |    25 |    28 |    21 |    32 |    20 ||   161
       Ration            |       |       |       |     3 |     5 |     6 |     4 |     7 ||    25
Armor: Robe              |    31 |    12 |       |       |   126 |   440 |   315 |       ||   924
       Leather armour    |       |    27 |   283 |   316 |    57 |       |       |       ||   683
       Ring mail         |       |       |       |       |   357 |       |       |       ||   357
       Quicksilver drago |       |       |       |       |       |       |   141 |   517 ||   658
Dodge: Dodged            |    52 |    60 |   333 |   423 |   664 |   632 |   672 |   502 ||  3338
       Rpst.: Trident    |       |       |       |       |       |    82 |    86 |    26 ||   194
       Longbow           |       |       |       |       |       |    18 |    29 |    55 ||   102

Action                   |  1- 3 |  4- 6 |  7- 9 | 10-12 | 13-15 | 16-18 | 19-21 | 22-24 || total
-------------------------+-------+-------+-------+-------+-------+-------+-------+-------++-------
Melee: Unarmed           |    41 |       |       |       |       |       |       |       ||    41
       Dagger            |     3 |    82 |   533 |   374 |     7 |       |       |       ||   999
       Spear             |       |       |    65 |   102 |       |       |       |       ||   167
       Trident           |       |       |       |   281 |  1579 |  1122 |   673 |   270 ||  3925
 Fire: Longbow           |       |       |       |       |    21 |   492 |   974 |  1678 ||  3165
Throw: Throwing net      |       |       |       |       |       |       |       |     2 ||     2
 Cast: Flame Tongue      |    51 |    62 |     7 |       |       |       |       |       ||   120
       Conjure Flame     |       |     3 |     5 |    17 |     3 |       |       |       ||    28
       Sticky Flame      |       |       |    46 |    67 |    59 |       |    39 |    11 ||   222
       Apportation       |       |       |       |       |     8 |       |     7 |       ||    15
       Fireball          |       |       |       |       |       |     1 |     9 |     4 ||    14
       Portal Projectile |       |       |       |       |       |       |    20 |    28 ||    48
Invok: Summon Divine War |       |       |       |       |     3 |    13 |     7 |    13 ||    36
       Cleansing Flame   |       |       |       |       |       |       |       |     1 ||     1
 Abil: Fly               |       |       |       |       |     1 |     1 |       |     1 ||     3
       Stop Flying       |       |       |       |       |       |     1 |       |     2 ||     3
       Evoke Blink       |       |       |       |       |       |       |       |     2 ||     2
Evoke: Wand              |       |       |       |       |     6 |    37 |    10 |     3 ||    56
       Sack of spiders   |       |       |       |       |     2 |       |       |       ||     2
       Phantom mirror    |       |       |       |       |     1 |       |       |       ||     1
       Fan of gales      |       |       |       |       |       |     1 |       |     1 ||     2
       Lamp of fire      |       |       |       |       |       |       |       |     1 ||     1
  Use: Scroll            |       |    11 |     5 |    14 |    16 |    17 |    21 |    15 ||    99
       Potion            |       |       |     2 |       |     5 |     3 |    11 |     3 ||    24
 Stab: Sleeping          |     2 |     5 |     1 |       |       |       |       |       ||     8
  Eat: Chunk             |     2 |    10 |    23 |    25 |    28 |    21 |    32 |    20 ||   161
       Ration            |       |       |       |     3 |     5 |     6 |     4 |     7 ||    25
Armor: Robe              |    31 |    12 |       |       |   126 |   440 |   315 |       ||   924
       Leather armour    |       |    27 |   283 |   316 |    57 |       |       |       ||   683
       Ring mail         |       |       |       |       |   357 |       |       |       ||   357
       Quicksilver drago |       |       |       |       |       |       |   141 |   517 ||   658
Dodge: Dodged            |    52 |    60 |   333 |   423 |   664 |   632 |   672 |   502 ||  3338
       Rpst.: Trident    |       |       |       |       |       |    82 |    86 |    26 ||   194
       Longbow           |       |       |       |       |       |    18 |    29 |    55 ||   102
